 Dungeon Crawl Stone Soup version 0.25-a0-992-gca090100c3 (webtiles) character file.

Game seed: 16875716016192258024, levelgen mode: deterministic

0 Esekla the Skirmisher (level 1, -3/18 HPs)
             Began as a Formicid Abyssal Knight on May 11, 2020.
             Was a Follower of Lugonu.
             Killed from afar by a raiju (9 damage)
             ... with a living lightning
             ... on level 2 of the Abyss.
             The game lasted 00:02:04 (181 turns).

Esekla the Skirmisher (Formicid Abyssal Knight)      Turns: 181, Time: 00:02:05

Health: -3/18      AC:  3    Str: 16    XL:     1   Next: 0%
Magic:  2/2        EV: 11    Int: 11    God:    Lugonu [*.....]
Gold:   51         SH:  0    Dex: 10    Spells: 0/0 levels left

rFire    . . .     SeeInvis +   a - +1 falchion
rCold    . . .     Gourm    .   (no shield)
rNeg     . . .     Faith    .   b - +0 leather armour
rPois    .         Spirit   .   (helmet unavailable)
rElec    .         Reflect  .   (no cloak)
rCorr    .         Harm     .   (no gloves)
MR       .....                  (no boots)
Stlth    +.........             d - amulet of inaccuracy (curse)
HPRegen  0.06/turn              (no ring)
MPRegen  0.08/turn              (no ring)

@: no status effects
A: permanent stasis, dig shafts and tunnels, four strong arms, antennae 3
a: Dig, Shaft Self, Depart the Abyss, Renounce Religion


You were on level 2 of the Abyss.
You worshipped Lugonu.
Lugonu was aware of your devotion.
You were not hungry.

You visited 0 branches of the dungeon, and saw 0 of its levels.
You visited the Abyss 1 time.

You collected 51 gold pieces.

Inventory:

Hand Weapons
 a - a +1 falchion (weapon)
Armour
 b - a +0 leather armour (worn)
Jewellery
 d - a cursed amulet of inaccuracy (around neck)
Wands
 e - a wand of iceblast (7)
Potions
 f - a potion of curing {unknown}
Comestibles
 c - 3 rations


   Skills:
 * Level 3.2 Fighting
 + Level 2.0 Long Blades
 + Level 2.1 Armour
 + Level 0.8 Dodging
 + Level 2.1 Invocations


You couldn't memorise any spells.
You didn't know any spells.
Your spell library was empty.

Dungeon Overview and Level Annotations

Branches:
Dungeon (0/15)

Altars:


Innate Abilities, Weirdness & Mutations

You cannot be hasted, slowed, berserked, paralysed or teleported.
You can dig through walls and to a lower floor.
Your four strong arms can wield two-handed weapons with a shield.
You have a pair of large antennae on your head. (SInv)


Message History

A tentacle flies out from the starspawn's body!
A starspawn tentacle comes into view.
You see here a smoky white potion.
f - a smoky white potion A large abomination comes into view.
Found a rapier.
A large abomination and a raiju come into view.
The raiju barks!
A raiju comes into view.
The raiju barks!
The raiju bites you. The raiju shocks you!
A raiju comes into view.
A raiju comes into view.
A tentacle flies out from the starspawn's body!
The large abomination hits you.
A starspawn tentacle comes into view.
The raiju bursts into living lightning!
The living lightning hits you!
Ouch! That really hurt!
You die...

.. ### #.. #.. ..#
.. #..##.. #..##..
..... ...... ..
.... ..... ... #..
#..# ..# ..
#..##..##..##..# ..
.......@..........
. .................
.. #..##..##X.##..#
..# #
#..##h.##..##..#
.... ...4........
..................
..##..##h.##..##..#
..


#hh #..##..##..# ..h{........X.... You could see a large abomination, 3 raiju
and a chaos spawn.

Vanquished Creatures (others)
  6 starspawn tentacles (Abyss:2)
6 creatures vanquished.

Notes
Turn   | Place    | Note
-------+----------+-------------------------------------------
     0 | Abyss:1  | Esekla the Formicid Abyssal Knight began the quest for the
                  | Orb.
     0 | Abyss:1  | Reached XP level 1. HP: 18/18 MP: 2/2
    61 | Abyss:1  | Noticed a ynoxinul
    98 | Abyss:2  | Found a bloodstained altar of Trog.
   140 | Abyss:2  | Noticed a tentacled starspawn
   145 | Abyss:2  | Noticed a chaos spawn
   168 | Abyss:2  | Noticed a large abomination
   174 | Abyss:2  | Noticed a large abomination
   174 | Abyss:2  | Noticed a raiju
   176 | Abyss:2  | Noticed a raiju
   178 | Abyss:2  | Noticed a raiju
   179 | Abyss:2  | Noticed a raiju
   181 | Abyss:2  | Killed from afar by a raiju

Illustrated notes

Levels and vault maps discovered:
Abyss:2:  evilmike_abyss_exit_mutagenic

Table legend:
 A = Non-vault XP
 B = Vault XP
 C = Vault XP percentage of total XP
 D = Non-vault monster count
 E = Vault monster count
 F = Vault count percentage of total count
                 A         B        C        D         E       F
            +---------+---------+-------+---------+---------+-------
      Total |       0 |       0 |   N/A |       0 |       0 |  -nan
            +---------+---------+-------+---------+---------+-------
            +---------+---------+-------+---------+---------+-------
